 Dungeon Crawl Stone Soup version 0.32-a0-630-g46d191b0ed (webtiles) character file.

Game seed: 9053724693945417128

332 mopl the Ruffian (level 6, -16/42 HPs)
             Began as a Djinni Shapeshifter on Mar 6, 2024.
             Demolished by an ogre
             ... wielding a +0 giant club
              (22 damage)
             ... on level 4 of the Dungeon.
             The game lasted 00:02:41 (2694 turns).

mopl the Ruffian (Djinni Shapeshifter)              Turns: 2694, Time: 00:02:41

Health: -16/42     AC:  6    Str: 15    XL:     6   Next: 82%
Gold:   160        EV:  9    Int: 12    God:
                   SH:  0    Dex: 12

rFire   + + .        f - +1 dagger (venom)
rCold   x . .        (no shield)
rNeg    . . .        x - +0 scale mail
rPois   ∞            (helmet currently unavailable)
rElec   .            (cloak currently unavailable)
rCorr   +            (gloves currently unavailable)
SInv    .            (boots unavailable)
Will    .....        (no amulet) Stlth
                     o - ring of resist corrosion
HPRegen 0.27/turn    (no ring)
MPRegen 0.00/turn

%: infuse magic (-17 HP)
@: beast-form, flying
A: beast (slay +2), flying, sickness immunity, fire resistance 2, cold
vulnerability 1, float, innate caster, HP casting, extra vitality 1
a: Begin Untransformation


You were on level 4 of the Dungeon.
You were a hulking beast.
You visited 1 branch of the dungeon, and saw 4 of its levels.

You collected 160 gold pieces.

Inventory:

Hand Weapons
 f - a +1 dagger of venom (weapon)
Armour
 x - a +0 scale mail (worn)
Jewellery
 o - a ring of resist corrosion (left hand)
Talismans
 c - a beast talisman (active)
 d - a flux talisman
Scrolls
 h - a scroll of enchant weapon {unknown}
 k - a scroll of identify {unknown}
 n - 2 scrolls of teleportation
 p - a scroll of fog {unknown}
 r - a scroll of silence {unknown}
 s - a scroll of torment {unknown}
 t - a scroll of enchant armour {unknown}
 u - 2 scrolls of vulnerability {unknown}
 w - a scroll of brand weapon {unknown}
Potions
 a - 2 potions of enlightenment {unknown}
 b - a potion of lignification {!q}
 e - a potion of invisibility {unknown}
 g - a potion of experience {unknown}
 i - a potion of resistance {unknown}
 j - a potion of ambrosia {unknown}
 l - 3 potions of curing {unknown}
 m - a potion of magic {unknown}
 q - 3 potions of heal wounds {unknown}
 v - a potion of mutation {unknown}


   Skills:
 - Level 1.0 Fighting
 - Level 2.1 Dodging
 + Level 5.4 Unarmed Combat
 + Level 4.6 Shapeshifting


You knew the following spells:

 Your Spells              Type           Power      Damage    Failure   Level
a - Magic Dart            Conj           0%         1d3       80%         1
b - Mercury Vapours       Alch/Air       0%         N/A       91%         2
Your spell library was empty.

Dungeon Overview and Level Annotations

Branches:
Dungeon (4/15)
 Temple: D:4-7

Altars:

Shops:
D:2 =


Innate Abilities, Weirdness & Mutations

You are a hulking beast.
Your limbs bulge with bestial killing power. (Slay +2)
You are flying.
You are immune to sickness and miasma.
You are immune to poison.
Your flesh is very heat resistant. (rF++)
You are vulnerable to cold. (rC-)
You float through the air rather than walking.
You learn spells naturally, not from books.
Your magical power is your life essence.
You have superior vitality. (+4 MHP)


Message History

Found a glaive.
An ogre comes into view. It is wielding a +0 giant club.
The ogre shouts!
The ogre moves out of view.
An orc comes into view. It is wielding a +1 dagger of flaming.
The orc shouts!
You hear a shout!
An orc comes into view. It is wielding a +0 falchion.
You hear a shout!
What are your orders? t - Shout!
Orders for allies: a - Attack new target. r - Retreat! s - Stop attacking. g - Guard the area. f - Follow me.
Anything else - Cancel.
You shout for attention!
The orc shouts!
What are your orders? t - Shout!
Orders for allies: a - Attack new target. r - Retreat! s - Stop attacking. g - Guard the area. f - Follow me.
Anything else - Cancel.
You shout for attention!
You hear a shout!
An orc comes into view. It is wielding a +0 flail.
You hit the ogre.
The ogre is poisoned.
The ogre is lightly wounded.
The ogre hits you with a +0 giant club!!
Ouch! That really hurt!
You are too injured to fight recklessly!
You are too injured to fight recklessly!
You are too injured to fight recklessly!
You hit the ogre.
The ogre looks as sick as possible!
The ogre is lightly wounded.
You hit the ogre.
The ogre is heavily wounded.
The ogre hits you with a +0 giant club!!
* * * LOW HITPOINT WARNING * * *
The ogre attacks as it pursues you!
The ogre hits you with a +0 giant club!!
Ouch! That really hurt!
You die...

#...##### #.......#
........#### #.....#
####.##....###.....##
#...###..........#
.######.######†......#####
.........................†
###.###.##...##.....######
#. #.##.#####>...#
#.###.Oh.# ###.†#
########...#..### #..#
.).?.). ##....# #..#
.......##.o.#.# ....
.......#o.#.#.# .####.
.......#.##..(# . #+
.......#o###..# # #. #..#
..# ..### #.## ##.. .....


You could see an ogre (very poisoned) and 2 orcs.

Vanquished Creatures
  A black bear (D:4)
  A bombardier beetle (D:4)
  2 hounds
  Terence (D:3)
  An iguana (D:3)
  4 adders
  A ribbon worm (D:2)
  3 orcs (D:3)
  3 ball pythons
  3 endoplasms
  4 giant cockroaches
  5 goblins
  10 hobgoblins
  9 jackals
  2 kobolds
  2 quokkas (D:1)
  3 frilled lizards
  4 rats (D:1)
59 creatures vanquished.

Notes
Turn   | Place    | Note
-------+----------+-------------------------------------------
     0 | D:1      | mopl the Djinni Shapeshifter began the quest for the Orb.
     0 | D:1      | Reached XP level 1. HP: 17/17 MP: 0/0
   104 | D:1      | Reached XP level 2. HP: 13/22 MP: 0/0
   130 | D:1      | Reached skill level 3 in Shapeshifting
   333 | D:1      | Reached XP level 3. HP: 27/27 MP: 0/0
   333 | D:1      | Learned a level 1 spell: Magic Dart
   958 | D:2      | Reached XP level 4. HP: 19/32 MP: 0/0
   982 | D:2      | Found Weakuagutua's Jewellery Emporium.
  1270 | D:2      | Reached skill level 4 in Unarmed Combat
  1881 | D:3      | Reached XP level 5. HP: 24/37 MP: 0/0
  1881 | D:3      | Learned a level 2 spell: Mercury Vapours
  2022 | D:3      | Noticed Terence
  2040 | D:3      | Killed Terence
  2151 | D:3      | Reached skill level 4 in Shapeshifting
  2484 | D:4      | Noticed a black bear
  2500 | D:4      | Killed a black bear
  2501 | D:4      | Reached skill level 5 in Unarmed Combat
  2501 | D:4      | Reached XP level 6. HP: 8/42 MP: 0/0
  2677 | D:4      | Noticed an ogre
  2694 | D:4      | Demolished by an ogre

Illustrated notes

Levels and vault maps discovered:
D:1:      dpeg_arrival_simpleton_a, layout_basic, serial_forest,
          infiniplex_forest_clump_cross, infiniplex_forest_zigzag_1,
          infiniplex_forest_clump_tiny, infiniplex_forest_end_3,
          infiniplex_forest_end_2, minmay_misc_feat_hallway,
          grunt_decor_mini_mirrors, minmay_misc_feat_iff, dk_noncrumbling_3,
          bh_walls_and_bars
D:2:      minmay_door_path, layout_loops_ring, serial_shops, shop, hex_tiny
D:3:      layout_loops_corners, uniq_terence
D:4:      layout_rooms, kennysheep_little_box, serial_shops,
          nicolae_shop_behind_doors

Skill      XL: |  1  2  3  4  5 |
---------------+----------------+-----
Shapeshifting  | 3 4 |  4.6
Unarmed Combat | 4 5 |  5.4
Fighting       | |  1.0
Dodging        | |  2.1

Action                     |  1- 3 |  4- 6 || total
---------------------------+-------+-------++-------
  Melee: Unarmed           |     8 |       ||     8
         Dagger            |    75 |   105 ||   180
    Use: Scroll            |       |     1 ||     1
   Stab: Sleeping          |     1 |     1 ||     2
 Armour: Animal skin       |    54 |    27 ||    81
         Scale mail        |       |    45 ||    45
  Dodge: Dodged            |    55 |    59 ||   114

Table legend: (Time is in decaauts)
 A = Elapsed time spent in this place.
 B = Non-inter-level travel time spent in this place.
 C = Inter-level travel time spent in this place.
 D = Time resting spent in this place.
 E = Time spent auto-exploring this place.
 F = Levels seen in this place.
 G = Mean time per level.
                   A        B        C        D        E       F      G
               +--------+--------+--------+--------+--------+-----+--------+
         Total |   2692 |   2608 |     84 |    204 |   1938 |   4 |  673.0 |
       Dungeon |   2692 |   2608 |     84 |    204 |   1938 |   4 |  673.0 |
               +--------+--------+--------+--------+--------+-----+--------+

Top non-repeatable levels by time:
     D:1: 880 daAuts
     D:3: 853 daAuts
     D:2: 716 daAuts
     D:4: 241 daAuts
